 Dungeon Crawl Stone Soup version 0.18.1-48-g4cf74bf (webtiles) character file.

67 Gargoyl the Skirmisher (level 3, -4/30 HPs)
             Began as a Demonspawn Abyssal Knight on Aug 11, 2016.
             Was a Follower of Lugonu.
             Killed from afar by an orc wizard (8 damage)
             ... with a magic dart
             ... on level 4 of the Dungeon.
             The game lasted 00:04:19 (929 turns).

Gargoyl the Skirmisher (Demonspawn Abyssal Knight)   Turns: 929, Time: 00:04:20

Health: -4/30      AC: 11    Str: 13    XL:     3   Next: 98%
Magic:  4/4        EV:  6    Int: 13    God:    Lugonu [*.....]
Gold:   70         SH:  0    Dex: 12    Spells: 0 memorised, 2 levels left

rFire  + . .     SeeInvis .     a - +1 hand axe
rCold  . . .     Gourm    .     l - +0 chain mail
rNeg   . . .     Faith    .     (no shield)
rPois  .         Spirit   .     g - +2 helmet
rElec  .         Dismiss  .     (no cloak)
rCorr  .         Reflect  .     (no gloves)
SustAt .         Harm     .     (no boots)
MR     .....                    (no amulet)
Stlth  ..........               k - ring of fire
                                e - +4 ring of slaying

@: not resistant to hostile enchantments, extremely unstealthy
A: cold resistance 1
a: Depart the Abyss, Renounce Religion


You were on level 4 of the Dungeon.
You worshipped Lugonu.
Lugonu was aware of your devotion.
You were not hungry.

You visited 1 branch of the dungeon, and saw 3 of its levels.
You visited the Abyss 1 time.

You collected 70 gold pieces.

Inventory:

Hand Weapons
 a - a +1 hand axe (weapon)
Armour
 g - a +2 helmet (worn)
 l - a +0 chain mail (worn)
Jewellery
 e - a +4 ring of slaying (left hand)
 i - an uncursed ring of magical power
 k - a ring of fire (right hand)
Scrolls
 b - a scroll of enchant armour {unknown}
 j - 2 scrolls of identify
Comestibles
 c - 2 bread rations
 f - a meat ration
 h - a beef jerky


   Skills:
 + Level 4.0 Fighting
 + Level 2.1 Axes
 * Level 2.4 Armour
 + Level 1.2 Dodging
 + Level 0.2 Stealth
 + Level 2.5 Invocations


You had 2 spell levels left.
You didn't know any spells.

Dungeon Overview and Level Annotations

Branches:
Dungeon (2/15)

Altars:


Innate Abilities, Weirdness & Mutations

Your flesh is cold resistant.


Message History

The orc wizard hits you but does no damage.
You closely miss the orc wizard.
The orc wizard is heavily wounded.
The orc wizard hits you but does no damage. x2
Your chain mail prevents you from hitting the orc wizard.
The orc wizard is heavily wounded.
The orc wizard hits you but does no damage.
You hit the orc wizard but do no damage.
The orc wizard is heavily wounded.
The orc wizard hits you but does no damage.
You hit the orc wizard but do no damage.
The orc wizard is heavily wounded.
The orc wizard casts a spell.
The orc wizard seems to speed up.
You hit the orc wizard.
The orc wizard is severely wounded.
The orc wizard hits you but does no damage.
The orc wizard gestures at you while chanting.
The magic dart hits you!
You die...

#.#...).#..#
#...(..........
#.#.###.#..#..#
#.#...#.#..#..#
#...#)#.# .# #
#.#.#.#.# .#
#...#.#.# #
#.#.#)#.#
#.#.#@# #.###o#
.. ... .. ...#.
#####.# . ##


You could see an orc wizard.

Vanquished Creatures
  An orc priest (D:4)
  3 orcs (D:4)
  3 bats (D:1)
  A hobgoblin (D:1)
  2 giant newts (D:1)
  4 goblins (D:1)
  2 kobolds (D:1)
  5 rats (D:1)
21 creatures vanquished.

Vanquished Creatures (others)
  An orc wizard (D:4)
1 creature vanquished.

Grand Total: 22 creatures vanquished

Notes
Turn   | Place    | Note
--------------------------------------------------------------
     0 | Abyss:1  | Gargoyl the Demonspawn Abyssal Knight began the quest for the Orb.
     0 | Abyss:1  | Reached XP level 1. HP: 18/18 MP: 2/2
   264 | Abyss:1  | Noticed a quicksilver dragon simulacrum
   265 | D:1      | Escaped the Abyss
   480 | D:1      | Gained mutation: Your flesh is cold resistant. [demonic ancestry]
   480 | D:1      | Reached XP level 2. HP: 24/24 MP: 3/3
   617 | D:1      | Reached * piety under Lugonu
   865 | D:2      | You fall through a shaft for 2 floors!
   913 | D:4      | Reached skill level 1 in Dodging
   913 | D:4      | Reached XP level 3. HP: 18/30 MP: 4/4
   921 | D:4      | Reached skill level 4 in Fighting
   929 | D:4      | Killed from afar by an orc wizard

Skill      XL: |  1  2  3 |
---------------+----------+-----
Armour         | 2 |  2.4
Axes           | 2 |  2.1
Dodging        | 1 |  1.2
Fighting       | 4 |  4.0
Stealth        | |  0.2
Invocations    | |  2.5

Action                   || total
-------------------------++-------
Melee: Hand axe          ||    63
Invok: Depart the Abyss  ||     1
  Use: Scroll            ||     1
       Potion            ||     1
Armor: Leather armour    ||    11
       Chain mail        ||    20
Dodge: Dodged            ||    29
